 Dungeon Crawl Stone Soup version 0.30-a0-165-g1891117ce2 (webtiles) character file.

Game seed: 9350088965465632919

312 themarg the Changer (level 6, 0/48 HPs)
             Began as a Draconian Transmuter on Sept 29, 2022.
             Splashed by a jelly's acid (8 damage)
             ... on level 4 of the Dungeon.
             The game lasted 00:11:33 (4017 turns).

themarg the Changer (Draconian Transmuter)          Turns: 4017, Time: 00:11:33

Health: 0/48       AC: -6    Str: 12    XL:     6   Next: 18%
Magic:  8/10       EV: 19    Int: 16    God:
Gold:   128        SH:  0    Dex: 16    Spells: 5/11 levels left

rFire   . . .      SeeInvis .      - Unarmed
rCold   . . .      Faith    .    (shield currently unavailable)
rNeg    . . .      Spirit   .    (body armour unavailable)
rPois   x          Reflect  .    (helmet currently unavailable)
rElec   .          Harm     .    (cloak currently unavailable)
rCorr   .          Rampage  .    (gloves currently unavailable)
Will    .....                    (boots currently unavailable)
Stlth   ++........               l - amulet of magic regeneration
HPRegen 0.16/turn                (no ring)
MPRegen 0.52/turn                (no ring)

@: spider-form (expiring), corroded, very slightly contaminated
A: venomous fangs, AC +6, tiny, unfitting armour, (cold-blooded)
a: End Transformation


You were on level 4 of the Dungeon.
You were a venomous arachnid creature.
You visited 1 branch of the dungeon, and saw 4 of its levels.

You collected 161 gold pieces.
You spent 33 gold pieces at shops.

Inventory:

Hand Weapons
 b - a +0 short sword (melded)
Missiles
 m - 3 atropa-tipped darts
 q - 5 poisoned darts
Armour
 j - a +0 tower shield
Magical Staves
 h - a staff of cold
 s - a staff of fire
Jewellery
 d - a ring of ice
 k - a ring of flight
 l - an amulet of magic regeneration (around neck)
Scrolls
 e - a scroll of blinking {unknown}
 g - a scroll of amnesia {unknown}
 i - 6 scrolls of identify {unknown}
 o - a scroll of teleportation {unknown}
 t - a scroll of enchant weapon {unknown}
Potions
 a - 4 potions of lignification
 c - 2 potions of attraction {unknown}
 f - 3 potions of curing
 n - a potion of might {unknown}
 p - a potion of magic {unknown}
 r - a potion of brilliance {unknown}


   Skills:
 + Level 1.7 Fighting
 - Level 2.0 Dodging
 - Level 2.0 Stealth
 - Level 3.0 Unarmed Combat
 - Level 3.0 Spellcasting
 + Level 5.3 Transmutations


You had 5 spell levels left.
You knew the following spells:

 Your Spells              Type           Power      Damage    Failure   Level
a - Beastly Appendage     Tmut           38%        N/A       8%          1
b - Wereblood             Tmut           19%        N/A       11%         2
c - Spider Form           Tmut/Pois      11%        N/A       38%         3

Your spell library contained the following spells:

 Spells                   Type           Power      Damage    Failure   Level
 Ensorcelled Hibernation  Hex/Ice        4%         N/A       50%         2
 Static Discharge         Conj/Air       4%         2-3/arc   50%         2
 Tukima's Dance           Hex            2%         N/A       71%         3
 Ice Form                 Ice/Tmut       11%        N/A       73%         4
 Yara's Violent Unravell  Hex/Tmut       5%         3d4       95%         5
 Anguish                  Hex/Necr       1%         N/A       96%         4
 Cause Fear               Hex            1%         N/A       96%         4
 Passage of Golubria      Tloc           2%         N/A       96%         4
 Arcjolt                  Conj/Air       1%         1d11      100%        5
 Lightning Bolt           Conj/Air       1%         1d12      100%        5
 Dragon Form              Tmut           9%         N/A       100%        7
 Maxwell's Capacitive Co  Air            1%         ∞         100%        8
 Dragon's Call            Summ           1%         N/A       100%        9


Dungeon Overview and Level Annotations

Branches:
Dungeon (4/15)
 Temple: D:4-7

Altars:
Makhleb

Shops:
D:2 !


Innate Abilities, Weirdness & Mutations

You are a venomous arachnid creature.
You have poisonous fangs.
You are tiny and dextrous.
Your spellcasting is less reliable in this form.
Your armour is entirely melded.
You are incapable of wielding weapons or throwing items.
((Your plain brown scales are hard. (AC +6)))
You cannot fit into any form of body armour.
((You are cold-blooded and may be slowed by cold attacks.))


Message History

An orc comes into view. It is wielding a +0 flail.
Casting: Spider Form (dangerous; 19% risk of failure)
Confirm with . or Enter, or press ? or * to list all spells.
You miscast Spider Form.
You are very lightly contaminated with residual magic.
Nothing appears to happen.
Casting: Spider Form (dangerous; 19% risk of failure)
Confirm with . or Enter, or press ? or * to list all spells.
You turn into a venomous arachnid creature.
Your +0 short sword melds into your body.
The orc shouts!
You hear a shout!
An orc comes into view. It is wielding a +0 trident.
An orc priest comes into view. It is wielding a +0 dagger.
Found a stone staircase leading down.
Your transformation is almost over.
The orc shouts!
The orc priest shouts!
The orc priest moves out of view.
An orc comes into view. It is wielding a +0 hand axe.
A jelly comes into view.
An orc comes into view. It is wielding a +0 mace.
The orc hits you with a +0 flail.
The orc hits you from afar with a +0 trident.
The orc shouts!
You hit the orc but do no damage.
The orc is poisoned.
The orc misses you.
The orc hits you from afar with a +0 trident!
You hit the jelly. The acid corrodes you!
Your front legs burn!
The jelly is lightly wounded.
The orc misses you.
The orc throws a boomerang.
The boomerang hits you. The orc closely misses you. The jelly hits you.
The acid corrodes you!
You are splashed with acid!
You hit the jelly.
The jelly is poisoned.
The acid corrodes you!
Your front legs burn!
* * * LOW HITPOINT WARNING * * *
The jelly is moderately wounded.
The orc hits you with a +0 flail.
* * * LOW HITPOINT WARNING * * *
The jelly hits you.
* * * LOW HITPOINT WARNING * * *
You are splashed with acid!
You die...

...##.....##.# #..... .
.............####....
#.#....#.........#.....
#>#....................
#................)....
#.....................
#...................
##...................
#..os...#............
#.o.J...##...........
....o.o...####......#...
...##o#....# #.###.##...
.. #.###...##.. .###..#
. .. ##...#... ##†. ..
........###†.. ...
..###.........
#.......#..


You could see a jelly (very poisoned), an orc priest and 4 orcs.

Vanquished Creatures
  A black bear (D:3)
  A jelly (D:4)
  A hound (D:4)
  6 adders
  4 dart slugs
  13 orcs
  10 ball pythons
  7 bats
  5 endoplasms
  4 giant cockroaches
  6 goblins
  10 hobgoblins
  5 kobolds
  2 quokkas
  5 frilled lizards
  7 rats
87 creatures vanquished.

Notes
Turn   | Place    | Note
-------+----------+-------------------------------------------
     0 | D:1      | themarg the Draconian Transmuter began the quest for the
                  | Orb.
     0 | D:1      | Reached XP level 1. HP: 16/16 MP: 3/3
   369 | D:1      | Reached XP level 2. HP: 23/23 MP: 3/5
   372 | D:1      | Learned a level 2 spell: Wereblood
   486 | D:1      | Found a faded altar of an unknown god.
  1172 | D:2      | Found Ning's Distillery.
  1175 | D:2      | Bought a potion of curing for 33 gold pieces
  1303 | D:2      | Identified the +0 robe of Agoraphobia {*Corrode rC+ Will++}
  1341 | D:2      | Reached XP level 3. HP: 28/28 MP: 4/6
  1448 | D:2      | Reached skill level 1 in Stealth
  1952 | D:2      | Reached skill level 3 in Transmutations
  2001 | D:2      | Reached XP level 4. HP: 33/35 MP: 8/8
  2616 | D:3      | Noticed a black bear
  2644 | D:2      | Learned a level 3 spell: Spider Form
  2928 | D:3      | Reached XP level 5. HP: 40/40 MP: 9/9
  3142 | D:3      | Killed a black bear
  3143 | D:3      | Reached skill level 4 in Transmutations
  3500 | D:4      | Found a burning altar of Makhleb.
  3551 | D:4      | Reached skill level 5 in Transmutations
  3819 | D:4      | Reached XP level 6. HP: 44/47 MP: 8/10
  4017 | D:4      | Splashed by a jelly's acid

Illustrated notes

Levels and vault maps discovered:
D:1:      minmay_arrival_widening_spiral_wide, layout_loops_corners,
          nicolae_ecumenical_snake_handling
D:2:      layout_basic, serial_shops, shop, hex_large, minmay_divided_ellipse
D:3:      minmay_diamond_boxcup, layout_basic, serial_aquarium,
          aquarium_bridge_island_small [aquarium_subvault_small_open,
          aquarium_subvault_wall, aquarium_subvault_wall,
          aquarium_subvault_bridge, aquarium_subvault_wall],
          aquarium_bridge_straight [aquarium_subvault_bridge,
          aquarium_subvault_wall, aquarium_subvault_bridge,
          aquarium_subvault_wall], aquarium_window_2, aquarium_window_fake,
          aquarium_view_4, aquarium_view_2a, aquarium_balcony_5b,
          aquarium_pool_corner
D:4:      layout_cave_pools, mainiacjoe_overflow_catwalk,
          mainiacjoe_overflow_alcove_1

Skill      XL: |  1  2  3  4  5 |
---------------+----------------+-----
Dodging        | 2 |  2.0
Stealth        | 1 2 |  2.0
Transmutations | 3 5 |  5.3
Spellcasting   | 3 |  3.0
Fighting       | |  1.7
Unarmed Combat | |  3.0

Action                   |  1- 3 |  4- 6 || total
-------------------------+-------+-------++-------
Melee: Unarmed           |    54 |    52 ||   106
       Kick              |    17 |    17 ||    34
       Tailslap          |     9 |    10 ||    19
       Headbutt          |    11 |    10 ||    21
       Short sword       |    37 |    84 ||   121
       Punch             |     1 |     3 ||     4
 Cast: Beastly Appendage |    28 |    17 ||    45
       Wereblood         |     1 |     3 ||     4
       Spider Form       |       |    10 ||    10
 Stab: Sleeping          |     2 |     3 ||     5
Armor: Skin              |    27 |    34 ||    61
Dodge: Dodged            |    81 |    80 ||   161

Table legend: (Time is in decaauts)
 A = Elapsed time spent in this place.
 B = Non-inter-level travel time spent in this place.
 C = Inter-level travel time spent in this place.
 D = Time resting spent in this place.
 E = Time spent auto-exploring this place.
 F = Levels seen in this place.
 G = Mean time per level.
                   A        B        C        D        E       F      G
               +--------+--------+--------+--------+--------+-----+--------+
         Total |   4012 |   3834 |    178 |    689 |   2341 |   4 | 1003.0 |
       Dungeon |   4012 |   3834 |    178 |    689 |   2341 |   4 | 1003.0 |
               +--------+--------+--------+--------+--------+-----+--------+

Top non-repeatable levels by time:
     D:3: 1644 daAuts
     D:1: 1162 daAuts
     D:2: 982 daAuts
     D:4: 222 daAuts
